 Dungeon Crawl Stone Soup version 0.29-a0-341-g24ffce5b50 (webtiles) character file.

Game seed: 15793448807828708507

312 Antichthon the Chopper (level 6, -7/48 (52) HPs)
             Began as a Naga Warper on Apr 20, 2022.
             Mangled by a gnoll
             ... wielding a +0 flail
              (8 damage)
             ... on level 4 of the Dungeon.
             The game lasted 00:04:49 (5578 turns).

Antichthon the Chopper (Naga Warper)                Turns: 5578, Time: 00:04:49

HP:   -7/48 (52)    AC:  3    Str: 13    XL:     6   Next: 42%
MP:   9/9           EV:  9    Int: 13    God:
Gold: 161           SH:  0    Dex: 13    Spells: 4/9 levels left

rFire   + . .      SeeInvis +   a - +0 war axe
rCold   . . .      Faith    .   (no shield)
rNeg    . . .      Spirit   .   s - +0 leather armour
rPois   +          Reflect  .   (no helmet)
rElec   .          Harm     .   (no cloak)
rCorr   .          Rampage  .   (no gloves)
Will    .....                   (no barding)
Stlth   +.........              (no amulet)
HPRegen 0.16/turn               l - ring of protection from fire
MPRegen 0.11/turn               (no ring)

@: mighty, drained, very slow
A: AC +2, large, see invisible, deformed body, poison resistance, slowness 2,
spit poison 1, naga tail 1
a: Spit Poison


You were on level 4 of the Dungeon.
You visited 1 branch of the dungeon, and saw 5 of its levels.

You collected 161 gold pieces.

Inventory:

Hand Weapons
 a - a +0 war axe (weapon)
 b - a +0 hunting sling
Missiles
 d - 7 boomerangs of dispersal (quivered)
 q - 2 boomerangs
Armour
 s - a +0 leather armour (worn)
Jewellery
 l - a ring of protection from fire (left hand)
Wands
 t - a wand of mindburst (12)
Scrolls
 j - a scroll of enchant weapon {unknown}
 k - 3 scrolls of teleportation {unknown}
 m - 6 scrolls of identify {unknown}
 n - a scroll of fog {unknown}
 p - a scroll of enchant armour {unknown}
 u - a scroll of fear {unknown}
 w - a scroll of silence {unknown}
Potions
 e - 3 potions of curing {unknown}
 f - a potion of heal wounds {unknown}
 g - a potion of degeneration {unknown}
 h - 2 potions of might
 i - a potion of brilliance {unknown}
 o - 2 potions of ambrosia {unknown}
 r - a potion of mutation {unknown}
 v - a potion of berserk rage {unknown}
 x - a potion of lignification {unknown}


   Skills:
 - Level 2.0 Fighting
 + Level 6.6 Axes
 - Level 0.8 Throwing
 - Level 0.7 Armour
 - Level 1.5 Dodging
 - Level 2.0 Spellcasting
 - Level 3.0 Translocations


You had 4 spell levels left.
You knew the following spells:

 Your Spells              Type           Power      Damage    Failure   Level
a - Blink                 Tloc           18%        N/A       14%         2
b - Teleport Other        Tloc           9%         N/A       28%         3

Your spell library contained the following spells:

 Spells                   Type           Power      Damage    Failure   Level
 Gell's Gravitas          Tloc           9%         N/A       28%         3
 Lesser Beckoning         Tloc           9%         N/A       28%         3
 Manifold Assault         Tloc           9%         N/A       95%         5


Dungeon Overview and Level Annotations

Branches:
Dungeon (5/15)
 Temple: D:4-7

Altars:
Gozag
Sif Muna


Innate Abilities, Weirdness & Mutations

Your serpentine skin is tough. (AC +2)
You have supernaturally acute eyesight. (SInv)
Armour fits poorly on your strangely shaped body.
Your system is resistant to poisons. (rPois)
You cover ground very slowly.
You can spit poison.
You have a snake-like lower body.


Message History

Press: ? - help, v - describe, . - travel, g - get item
Items here: a +0 short sword; a +0 ring mail; 7 gold pieces.
The floor, spattered with blood.
Aiming: Mindburst
Press: ? - help, Shift-Dir - straight line, f/p - orc
Aim: an orc, wielding a +0 whip (chance to affect: 79%)
Okay, then.
Unknown command.
Unknown command.
Blink to where?
Press: ? - help, Dir - move target, p - orc
As you read the scroll of blinking, it crumbles to dust.
There is a stone staircase leading down here.
You climb downwards.
The gnoll shouts!
Found 3 scrolls labelled NANYLIRCHOV, a falchion and a fizzy grey potion.
Found a stone staircase leading up.
There is a stone staircase leading up here.
Okay, then.
The gnoll shouts! x2
The gnoll hits you but does no damage. The gnoll attacks as you move away!
The gnoll closely misses you. The gnoll barely misses you.
The gnoll barely misses you. The gnoll hits you but does no damage.
There is a stone staircase leading up here.
The gnoll hits you but does no damage. The gnoll hits you with a +0 flail!
* * * LOW HITPOINT WARNING * * *
You climb upwards.
The ogre shouts!
You hear a shout! x2
An orc comes into view.
It is wielding a +0 flail and quivering datura-tipped darts.
You hear an angry hiss.
Found a scale mail.
Found an escape hatch in the floor.
There is a stone staircase leading down here.
Okay, then.
It was a potion of might.
You feel very mighty all of a sudden.
A kobold comes into view. It is wielding a +0 dagger.
The orc throws a datura-tipped dart.
The datura-tipped dart hits you! The gnoll hits you with a +0 flail!
You die...

.#. #### .. . #... .#
.# #... #.# ... #...
..#o#.. .####
#...#....>.. .....
#...O....... .....
#...@g.....K .....
#......g#..# #..
#......#.... ...#.
#.[...########## ####
#.....##.###...###.##
###...#.#...###.#.#.#
#...#.##### ##.###.
#.#.##.## #.## ##
##.## ..#


You could see an ogre, a gnoll, an orc, a hobgoblin and a kobold.

Vanquished Creatures
  A gnoll sergeant (D:4)
  A hound (D:4)
  An orc priest (D:4)
  Jessica (D:3)
  2 orc wizards (D:4)
  3 adders
  A white imp (D:4)
  2 worms
  3 dart slugs
  7 orcs
  2 ball pythons
  3 bats (D:1)
  5 endoplasms
  4 giant cockroaches
  6 goblins
  6 hobgoblins
  9 kobolds
  4 quokkas
  2 frilled lizards
  3 rats
66 creatures vanquished.

Notes
Turn   | Place    | Note
-------+----------+-------------------------------------------
     0 | D:1      | Antichthon the Naga Warper began the quest for the Orb.
     0 | D:1      | Reached XP level 1. HP: 19/19 MP: 3/3
   553 | D:1      | Reached XP level 2. HP: 23/26 MP: 5/5
   827 | D:1      | Found a faded altar of an unknown god.
  1075 | D:1      | Reached skill level 3 in Axes
  1783 | D:2      | Reached XP level 3. HP: 22/32 MP: 6/6
  1786 | D:2      | Learned a level 2 spell: Blink
  1790 | D:2      | Learned a level 3 spell: Teleport Other
  2385 | D:2      | Reached skill level 4 in Axes
  3164 | D:3      | Reached XP level 4. HP: 20/39 MP: 7/7
  3454 | D:3      | Noticed Jessica
  3457 | D:3      | Killed Jessica
  3493 | D:3      | Found a shimmering blue altar of Sif Muna.
  3502 | D:3      | Found an opulent altar of Gozag.
  4631 | D:4      | Reached skill level 5 in Axes
  4631 | D:4      | Reached XP level 5. HP: 15/45 MP: 8/8
  5205 | D:4      | Reached skill level 6 in Axes
  5205 | D:4      | Reached XP level 6. HP: 30/52 MP: 9/9
  5571 | D:5      | Entered Level 5 of the Dungeon
  5576 | D:5      | HP: 1/48 [gnoll/+0 flail (9)]
  5578 | D:4      | Mangled by a gnoll

Illustrated notes

Levels and vault maps discovered:
D:1:      minmay_arrival_four_loops, layout_basic,
          hellmonk_ecumenical_altar_leap_of_faith
D:2:      layout_basic, minmay_misc_feat_hallway, minmay_split_cup_large
D:3:      layout_loops_corners, grunt_temple_overflow_open, uniq_jessica
D:4:      wad_river_or_something, layout_basic, serial_shops, shop,
          grunt_ministairs_7, nrook_mini_vaults
D:5:      layout_basic, gammafunk_ghost_necromancy, uniq_sigmund

Skill      XL: |  1  2  3  4  5 |
---------------+----------------+-----
Axes           | 3 4 5 6 |  6.6
Fighting       | |  2.0
Throwing       | |  0.8
Armour         | |  0.7
Dodging        | |  1.5
Spellcasting   | |  2.0
Translocations | |  3.0

Action                   |  1- 3 |  4- 6 || total
-------------------------+-------+-------++-------
Melee: Hand axe          |    23 |       ||    23
       War axe           |    93 |    98 ||   191
       Punch             |     1 |       ||     1
 Abil: Spit Poison       |     5 |     9 ||    14
Evoke: Wand              |       |     7 ||     7
  Use: Scroll            |       |     2 ||     2
       Potion            |       |     1 ||     1
 Stab: Sleeping          |     1 |       ||     1
Armor: Leather armour    |    34 |    23 ||    57
Dodge: Dodged            |    92 |    45 ||   137

Table legend: (Time is in decaauts)
 A = Elapsed time spent in this place.
 B = Non-inter-level travel time spent in this place.
 C = Inter-level travel time spent in this place.
 D = Time resting spent in this place.
 E = Time spent auto-exploring this place.
 F = Levels seen in this place.
 G = Mean time per level.
                   A        B        C        D        E       F      G
               +--------+--------+--------+--------+--------+-----+--------+
         Total |   6700 |   6611 |     89 |     98 |   5735 |   5 | 1340.0 |
       Dungeon |   6700 |   6611 |     89 |     98 |   5735 |   5 | 1340.0 |
               +--------+--------+--------+--------+--------+-----+--------+

Top non-repeatable levels by time:
     D:1: 2017 daAuts
     D:3: 1820 daAuts
     D:2: 1528 daAuts
     D:4: 1326 daAuts
     D:5: 7 daAuts
